 Dungeon Crawl Stone Soup version 0.31-a0-574-g69dc8cc98e (webtiles) character file.

Game seed: 6351548822296521359

2 avis the Changeling (level 1, -2/9 HPs)
             Began as a Felid Shapeshifter on Aug 18, 2023.
             Slain by a gnoll
             ... wielding a +0 flail
              (11 damage)
             ... on level 1 of the Dungeon.
             The game lasted 00:00:29 (84 turns).

avis the Changeling (Felid Shapeshifter)              Turns: 84, Time: 00:00:30

Health: -2/9       AC:  1    Str: 11    XL:     1   Next: 25%
Magic:  2/2        EV: 17    Int:  9    God:
Gold:   0          SH:  0    Dex: 16    Spells: 0/0 levels left
                                        Lives:  0   Deaths: 0

rFire   . .          .
                       - Unarmed
rCold   . . .        (shield unavailable)
rNeg    . . .        (body armour unavailable)
rPois   .            (helmet unavailable)
rElec   .            (cloak unavailable)
rCorr   .            (gloves unavailable)
SInv    +            (boots unavailable)
Will    .....        (no amulet)
Stlth   +            (no ring)
HPRegen 0.21/turn    (no ring)
MPRegen 0.08/turn

%: no passive effects
@: beast-form, quick
A: beast (slay +2), very small, claws 1, fangs 3, see invisible, speed 1, shaggy
fur 1, stealthy paws, no weapons or thrown items, no armour, multi-lived
a: Begin Untransformation


You were on level 1 of the Dungeon.
You were a hulking beast.
You visited 1 branch of the dungeon, and saw 1 of its levels.

Inventory:

Talismans
 b - a beast talisman (active)
 c - a flux talisman
Potions
 a - a potion of lignification
 d - 2 potions of degeneration {unknown}


   Skills:
 + Level 1.0 Fighting
 * Level 2.8 Dodging
 + Level 3.0 Unarmed Combat
 - Level 3.2 Shapeshifting


You couldn't memorise any spells.
You didn't know any spells.
Your spell library was empty.

Dungeon Overview and Level Annotations

Branches:
Dungeon (1/15)

Altars:


Innate Abilities, Weirdness & Mutations

You are a hulking beast.
Your limbs bulge with bestial killing power. (Slay +2)
You have sharp claws.
You have razor-sharp teeth.
You have supernaturally acute eyesight. (SInv)
You cover ground quickly. (Speed+)
You are covered in fur. (AC +1)
Your paws help you pounce on unaware monsters.
You are incapable of wielding weapons or throwing items.
You cannot wear armour.
You gain extra lives every three experience levels.


Message History

Welcome, avis the Felid Shapeshifter.
The magnificent Orb of Zot lies far below, as if waiting for you to find it.
Press ? for a list of commands and other information.
Found a staircase leading out of the dungeon.
There is a staircase leading out of the dungeon here.
You open the door.
There is an open door here.
Found 7 stones.
You see here 7 stones.
d - 2 fuming ruby potions A kobold comes into view.
It is wielding a +0 short sword.
The kobold shouts!
The kobold hits you with a +0 short sword.
You scratch the kobold but do no damage.
Your bite misses the kobold. The kobold closely misses you.
A goblin comes into view. It is wielding a +0 dagger.
The goblin shouts!
You claw the kobold!
You kill the kobold!
The goblin barely misses you.
Things that are here:
a +0 short sword; 3 stones; a kobold corpse You claw the goblin!
You kill the goblin!
You see here a +0 dagger.
You start resting.
HP restored.
A gnoll comes into view. It is wielding a +0 flail.
The gnoll shouts!
Found a fuming ruby potion.
You scratch the gnoll but do no damage. The gnoll hits you with a +0 flail!
Ouch! That really hurt!
You die...

.# .# .# !# .###
...##..
#########.$.....
#########.......hg...#
#.........########.###
###.......# .#
###.....# ##### #
##....# #...#
######....###...#
................##
######.^..###....#
.....#....# ####.#


You could see a gnoll.

Vanquished Creatures
  A goblin (D:1)
  A kobold (D:1)
2 creatures vanquished.

Notes
Turn   | Place    | Note
-------+----------+-------------------------------------------
     0 | D:1      | avis the Felid Shapeshifter began the quest for the Orb.
     0 | D:1      | Reached XP level 1. HP: 9/9 MP: 2/2
    84 | D:1      | Slain by a gnoll

Illustrated notes

Levels and vault maps discovered:
D:1:      dpeg_arrival_rooms_b, layout_rooms

Action                     || total
---------------------------++-------
  Melee: Unarmed           ||     4
  Dodge: Dodged            ||     2

Table legend: (Time is in decaauts)
 A = Elapsed time spent in this place.
 B = Non-inter-level travel time spent in this place.
 C = Inter-level travel time spent in this place.
 D = Time resting spent in this place.
 E = Time spent auto-exploring this place.
 F = Levels seen in this place.
 G = Mean time per level.
                   A        B        C        D        E       F      G
               +--------+--------+--------+--------+--------+-----+--------+
         Total |     68 |     68 |      0 |      2 |     48 |   1 |   68.0 |
       Dungeon |     68 |     68 |      0 |      2 |     48 |   1 |   68.0 |
               +--------+--------+--------+--------+--------+-----+--------+

Top non-repeatable levels by time:
     D:1: 68 daAuts
